 Dungeon Crawl Stone Soup version bcrawl-1.28 (webtiles) character file.

Game seed: 4499529449584355690

162659 MisterOstroum the Twirler (level 5, -5/41 HPs)
             Began as a Human Gladiator on Nov 28, 2020.
             Slain by a sky beast (6 damage)
             ... on level 3 of the Dungeon.
             The game lasted 00:03:59 (2108 turns).

MisterOstroum the Twirler (Human Gladiator)         Turns: 2108, Time: 00:04:00

Health: -5/41      AC:  4    Str: 19 (20) XL:     5   Next: 67%
Magic:  5/5        EV: 13    Int:  6 (8)  God:
Gold:   187        SH:  0    Dex: 13 (15) Spells: 4/4 levels left

rFire    . . .     SeeInvis .   a - +0 quarterstaff
rCold    . . .     Gourm    .   (shield currently unavailable)
rNeg     . . .     Faith    .   b - +0 leather armour
rPois    +         Spirit   .   c - +0 helmet
rElec    .         Reflect  .   m - scarf {repulsion}
rCorr    .         Harm     .   (no gloves)
MR       .....                  (no boots)
Stlth    ++........             (no amulet)
HPRegen  0.13/turn              h - ring of poison resistance (curse)
MPRegen  0.09/turn              k - +5 ring of strength (curse)

@: repel missiles
A: no striking features
a: no special abilities


You were on level 3 of the Dungeon.
You were hungry.

You visited 1 branch of the dungeon, and saw 3 of its levels.

You collected 187 gold pieces.

Inventory:

Hand Weapons
 a - a +0 quarterstaff (weapon)
 f - a +0 spear
Missiles
 d - 3 throwing nets {=f!f}
 l - 251 stones (quivered)
 o - 125 arrows
 q - 312 bolts
Armour
 b - a +0 leather armour (worn)
 c - a +0 helmet (worn)
 m - a scarf of repulsion (worn)
Jewellery
 h - a cursed ring of poison resistance (left hand)
 k - a cursed +5 ring of strength (right hand)
Scrolls
 i - a scroll of remove curse {@r2}
 n - 2 scrolls of fear {unknown}
Potions
 p - a potion of degeneration
 r - a potion of magic {unknown}
Comestibles
 e - 5 rations {!d}
 g - 7 chunks of flesh


   Skills:
 - Level 3.0 Fighting
 + Level 5.4 Staves
 - Level 2.1 Throwing
 - Level 3.2 Dodging
 + Level 3.6 Stealth


You had 4 spell levels left.
You didn't know any spells.
Your spell library was empty.

Dungeon Overview and Level Annotations

Branches:
Dungeon (3/12)

Altars:
Xom


Message History

You hit the sky beast but do no damage.
The sky beast is lightly wounded.
The sky beast hits you but does no damage.
You barely miss the sky beast.
The sky beast is lightly wounded.
The sky beast closely misses you.
You hit the sky beast.
The sky beast is lightly wounded.
The sky beast barely misses you.
You barely miss the sky beast.
The sky beast is lightly wounded.
The sky beast flickers out of sight!
Deactivating autopickup; reactivate with Ctrl-A.
Something hits you. Something shocks you.
No target in view!
No target in view!
No target in view!
No target in view!
No target in view!
No target in view!
No target in view!
No target in view!
No target in view!
No target in view!
No target in view!
No target in view!
No target in view!
No target in view!
No target in view!
No target in view!
No target in view!
No target in view!
No target in view!
No target in view!
A sky beast appears from thin air!
Reactivating autopickup.
There is an open door here.
You thump the sky beast!
The sky beast is heavily wounded.
The sky beast barely misses you.
You closely miss the sky beast.
The sky beast is heavily wounded.
The sky beast hits you. The sky beast shocks you.
You are too injured to fight recklessly!
You are too injured to fight recklessly!
You are too injured to fight recklessly!
You are too injured to fight recklessly!
You are too injured to fight recklessly!
You are too injured to fight recklessly!
You are too injured to fight recklessly!
You are too injured to fight recklessly!
You barely miss the sky beast.
The sky beast is moderately wounded.
You are feeling hungry.
The sky beast flickers out of sight!
Deactivating autopickup; reactivate with Ctrl-A.
Something completely misses you.
You barely miss something. Something hits you but does no damage.
You see here a rat skeleton.
You see here a scale mail.
A sky beast appears from thin air!
Reactivating autopickup.
The sky beast flickers out of sight!
Deactivating autopickup; reactivate with Ctrl-A.
A sky beast appears from thin air!
Reactivating autopickup.
You barely miss the sky beast.
The sky beast is moderately wounded.
The sky beast barely misses you.
You barely miss the sky beast.
The sky beast is moderately wounded.
The sky beast barely misses you.
You closely miss the sky beast.
The sky beast is moderately wounded.
The sky beast hits you. The sky beast shocks you.
You hit the sky beast.
The sky beast is moderately wounded.
The sky beast hits you. The sky beast shocks you.
* * * LOW HITPOINT WARNING * * *
You hit the sky beast.
The sky beast is heavily wounded.
The sky beast closely misses you.
You miss the sky beast.
The sky beast is heavily wounded.
The sky beast closely misses you.
You thump the sky beast!
The sky beast is almost dead.
The sky beast flickers out of sight!
Deactivating autopickup; reactivate with Ctrl-A.
Something hits you.
* * * LOW HITPOINT WARNING * * *
Something shocks you.
* * * LOW HITPOINT WARNING * * *
It was a potion of degeneration.
There was something very wrong with that liquid.
You feel weakened.
You feel dopey.
You feel clumsy.
It was a potion of cancellation.
You feel magically purged. Something hits you.
* * * LOW HITPOINT WARNING * * *
Something shocks you.
You die...

....#.#####
...............
....#.....#
###############
#####.....#
#...#.....########
#...#.###........+
#..)#.# #....#####
#...#.###.........
........'....###########
...######....#..@......#
...# ####.#.#######≈#
...# #.#.# #.# ####
#.#'#### #.# #......#
#.# #......# #.#
#......# #.# #......#
#.# #......# #.#


There were no monsters in sight!

Vanquished Creatures
  A howler monkey (D:2)
  Terence (D:3)
  2 adders
  A dart slug (D:3)
  3 worms (D:2)
  4 leopard geckos
  2 orcs
  6 bats
  4 giant cockroaches
  4 goblins
  5 hobgoblins
  9 jackals
  5 frilled lizards
  8 kobolds
  6 rats
61 creatures vanquished.

Notes
Turn   | Place    | Note
-------+----------+-------------------------------------------
     0 | D:1      | MisterOstroum the Human Gladiator began the quest for the
                  | Orb.
     0 | D:1      | Reached XP level 1. HP: 18/18 MP: 1/1
   101 | D:1      | Reached XP level 2. HP: 24/24 MP: 2/2
   158 | D:1      | Reached skill level 4 in Staves
   472 | D:1      | Reached XP level 3. HP: 29/29 MP: 3/3
   496 | D:1      | Reached skill level 1 in Stealth
   986 | D:2      | Reached XP level 4. HP: 10/35 MP: 4/4
   990 | D:2      | Reached skill level 5 in Staves
  1162 | D:2      | Reached XP level 5. HP: 37/41 MP: 5/5
  1495 | D:2      | Found a faded altar of an unknown god.
  1702 | D:3      | Noticed an orc warrior
  1739 | D:3      | Noticed Terence
  1764 | D:3      | Killed Terence
  1915 | D:3      | Found a shimmering altar of Xom.
  2046 | D:3      | Noticed a sky beast
  2103 | D:3      | HP: 1/41 [something (5)]
  2108 | D:3      | HP: 1/41 [something (1)]
  2108 | D:3      | Slain by a sky beast

Skill      XL: |  1  2  3  4  5 |
---------------+----------------+-----
Staves         | 4 5 |  5.4
Stealth        | 1 2 3 |  3.6
Fighting       | |  3.0
Throwing       | |  2.1
Dodging        | |  3.2

Action                   |  1- 3 |  4- 6 || total
-------------------------+-------+-------++-------
Melee: Quarterstaff      |    91 |    79 ||   170
Throw: Stone             |    30 |    32 ||    62
  Use: Scroll            |     1 |       ||     1
       Potion            |       |     2 ||     2
 Stab: Sleeping          |       |     2 ||     2
  Eat: Chunk             |     3 |     6 ||     9
Armor: Leather armour    |    22 |    21 ||    43
Dodge: Dodged            |    79 |    57 ||   136
       Deflected         |       |     1 ||     1
